 Dungeon Crawl Stone Soup version 0.24-a0-630-g0d56a851f4 (webtiles) character file.

Game seed: 5511219391014550257, levelgen mode: deterministic

669 Ijustatesigmund the Cleaver (level 7, -2/64 HPs)
             Began as a Minotaur Monk on Sept 20, 2019.
             Slain by an ogre
             ... wielding a +0 giant spiked club
              (9 damage)
             ... on level 5 of the Dungeon.
             The game lasted 00:05:48 (3842 turns).

Ijustatesigmund the Cleaver (Minotaur Monk)         Turns: 3842, Time: 00:05:52

Health: -2/64      AC:  8    Str: 15    XL:     7   Next: 32%
Magic:  6/6        EV: 11    Int:  7    God:
Gold:   301        SH:  0    Dex: 15    Spells: 6/6 levels left

rFire    . . .     SeeInvis .   a - +0 broad axe
rCold    . . .     Gourm    .   (no shield)
rNeg     . . .     Faith    .   b - +0 scale mail
rPois    +         Spirit   .   u - +2 hat
rElec    .         Reflect  .   (no cloak)
rCorr    .         Harm     .   (no gloves)
MR       .....                  (no boots)
Stlth    +.........             (no amulet)
HPRegen  0.20/turn              p - ring of poison resistance
MPRegen  0.10/turn              (no ring)

@: no status effects
A: retaliatory headbutt, horns 2
a: no special abilities


You were on level 5 of the Dungeon.
You were hungry.

You visited 1 branch of the dungeon, and saw 5 of its levels.

You collected 301 gold pieces.

Inventory:

Hand Weapons
 a - a +0 broad axe (weapon)
Missiles
 m - an atropa-tipped dart (quivered)
Armour
 b - a +0 scale mail (worn)
 u - a +2 hat (worn)
Jewellery
 p - a ring of poison resistance (left hand)
 s - a cursed -2 ring of protection {unknown}
 t - an uncursed ring of fire
Wands
 e - a wand of enslavement (9)
 q - a wand of polymorph (11)
Scrolls
 f - 4 scrolls of remove curse
 g - 2 scrolls of identify
 k - 2 scrolls of teleportation
 l - a scroll of immolation {unknown}
 r - a scroll of amnesia
Potions
 d - a potion of haste {unknown}
 h - 3 potions of lignification
 i - 4 potions of curing
 j - 2 potions of brilliance
 n - 3 potions of cancellation
 v - a potion of flight {unknown}
Comestibles
 c - 6 rations


   Skills:
 + Level 6.6 Fighting
 * Level 8.7 Axes
 - Level 3.2 Dodging
 - Level 1.5 Stealth


You had 6 spell levels left.
You didn't know any spells.
Your spell library contained the following spells:

 Spells                   Type           Power        Failure   Level  Hunger
 Animate Skeleton         Necr           N/A          89%         1    ##.....
 Apportation              Tloc           #.....       89%         1    ##.....
 Confusing Touch          Hex            #.....       89%         1    ##.....
 Summon Small Mammal      Summ           #...         89%         1    ##.....


Dungeon Overview and Level Annotations

Branches:
Dungeon (5/15)
 Temple: D:4-7

Altars:
Elyvilon
Fedhas
Kikubaaqudgha
Nemelex Xobeh
Qazlal
Trog


Innate Abilities, Weirdness & Mutations

You reflexively headbutt those who attack you in melee.
You have a pair of horns on your head.


Message History

You are too injured to fight recklessly!
You feel agile all of a sudden. The adder misses you.
Something hits you but does no damage.
The ogre hits you with a +0 giant club!!
* * * LOW HITPOINT WARNING * * *
The adder closely misses you. The ogre closely misses you. Something hits you.
* * * LOW HITPOINT WARNING * * *
You feel much better. Something hits you but does no damage.
Something hits you. The adder misses you. You furiously retaliate!
You headbutt the adder, but do no damage.
The ogre hits you with a +0 giant club!!
* * * LOW HITPOINT WARNING * * *
Okay, then.
It was a potion of cancellation.
Your magical effects are unravelling.
You feel magically purged.
You feel a little less agile now. Something hits you but does no damage.
The adder closely misses you.
The ogre hits you with a +0 giant spiked club!
You die...

#.#####.##.# ##......
.#.......... ##.....
...........# #.....
.#.........# #.....
...!.......# ##.###
...........# #####.###
.)...5.....#####........
^.....O..........####.##
......S@#..####### #.##
.......O#.## #...
........#.# #######
.....<..#.# #......
##......#.# #.#####
#....(.#.# #######... .#


You could see 2 ogres, an adder and a shadow imp.

Vanquished Creatures
  A sky beast (D:5)
  An ogre (D:4)
  2 scorpions (D:4)
  2 jellies (D:5)
  2 hounds
  A centaur skeleton (D:5)
  An iguana (D:5)
  4 worker ants
  A hound skeleton (D:4)
  A worker ant zombie (D:5)
  A howler monkey skeleton (D:5)
  4 adders
  An ooze (D:1)
  3 worms
  2 dart slugs
  3 leopard geckos
  A ball python (D:1)
  5 giant cockroaches
  6 goblins
  4 hobgoblins
  5 jackals
  5 kobolds
  3 quokkas
  2 bats
  4 frilled lizards
  A quokka zombie (D:5)
  2 rats (D:1)
68 creatures vanquished.

Notes
Turn   | Place    | Note
-------+----------+-------------------------------------------
     0 | D:1      | Ijustatesigmund the Minotaur Monk began the quest for the
                  | Orb.
     0 | D:1      | Reached XP level 1. HP: 19/19 MP: 0/0
    76 | D:1      | Reached skill level 4 in Axes
    96 | D:1      | Reached XP level 2. HP: 18/27 MP: 1/1
   956 | D:2      | Found a white marble altar of Elyvilon.
  1019 | D:2      | Reached XP level 3. HP: 24/33 MP: 2/2
  1463 | D:2      | Found a stormy altar of Qazlal.
  1931 | D:3      | Found a blossoming altar of Fedhas.
  1959 | D:3      | Reached skill level 5 in Axes
  2105 | D:3      | Found a bloodstained altar of Trog.
  2454 | D:4      | Reached XP level 4. HP: 41/41 MP: 3/3
  2490 | D:4      | Reached skill level 6 in Axes
  2490 | D:4      | Reached XP level 5. HP: 46/47 MP: 4/4
  2513 | D:4      | Reached skill level 5 in Fighting
  2576 | D:4      | Noticed an ogre
  2581 | D:4      | HP: 1/48 [ogre/+0 giant club (14)]
  2585 | D:4      | Killed an ogre
  2717 | D:4      | HP: 2/48 [scorpion (6)]
  2723 | D:4      | Reached skill level 7 in Axes
  2723 | D:4      | Reached XP level 6. HP: 10/56 MP: 5/5
  2994 | D:4      | Found a sparkling altar of Nemelex Xobeh.
  3162 | D:5      | Entered Level 5 of the Dungeon
  3232 | D:5      | Noticed a sky beast
  3415 | D:5      | Reached skill level 8 in Axes
  3576 | D:5      | Found an ancient bone altar of Kikubaaqudgha.
  3578 | D:5      | Reached XP level 7. HP: 60/63 MP: 6/6
  3842 | D:5      | Slain by an ogre

Levels and vault maps discovered:
D:1:      tarquinn_simple_flora_water_a, layout_basic
D:2:      layout_rooms, nicolae_overflow_hidden_temple, elyvilon_altar_5
D:3:      layout_basic, lemuel_doored_altar, serial_curves, eino_curves_03,
          eino_curves_02, first_ration, grunt_decor_arrowhead, trog_book
D:4:      layout_rooms, old_standard_altar
D:5:      layout_rooms, kiku_gazebo_pond_becter

Skill      XL: |  1  2  3  4  5  6 |
---------------+-------------------+-----
Axes           | 4 5 6 7 8 |  8.7
Fighting       | 4 5 6 |  6.6
Dodging        | |  3.2
Stealth        | |  1.5

Action                   |  1- 3 |  4- 6 |  7- 9 || total
-------------------------+-------+-------+-------++-------
Melee: Hand axe          |    92 |    52 |       ||   144
       Headbutt          |    10 |    16 |     2 ||    28
       Broad axe         |       |    36 |    30 ||    66
Throw: Dart              |       |       |     1 ||     1
  Use: Scroll            |     6 |     4 |       ||    10
       Potion            |     1 |     8 |     3 ||    12
 Stab: Sleeping          |     2 |       |       ||     2
  Eat: Ration            |     1 |     1 |       ||     2
       Chunk             |     1 |     1 |       ||     2
Armor: Robe              |     2 |       |       ||     2
       Scale mail        |    17 |    39 |    23 ||    79
Dodge: Dodged            |    70 |    43 |    20 ||   133

Table legend:
 A = Non-vault XP
 B = Vault XP
 C = Vault XP percentage of total XP
 D = Non-vault monster count
 E = Vault monster count
 F = Vault count percentage of total count
                 A         B        C        D         E       F
            +---------+---------+-------+---------+---------+-------
      Total |     956 |       0 |   0.0 |      68 |       0 |   0.0
            +---------+---------+-------+---------+---------+-------
        D:1 |      29 |       0 |   0.0 |      13 |       0 |   0.0
        D:2 |      25 |       0 |   0.0 |      11 |       0 |   0.0
        D:3 |      21 |       0 |   0.0 |      11 |       0 |   0.0
        D:4 |     441 |       0 |   0.0 |      21 |       0 |   0.0
        D:5 |     440 |       0 |   0.0 |      12 |       0 |   0.0
            +---------+---------+-------+---------+---------+-------
